 Dungeon Crawl Stone Soup version 0.29-a0-819-g94b489e0ae (webtiles) character file.

Game seed: 14956702644639697661

109 Ayihk420 the Cudgeller (level 4, -4/42 HPs)
             Began as a Gargoyle Berserker on July 6, 2022.
             Was a Believer of Trog.
             Killed from afar by a white imp (8 damage)
             ... with a puff of frost
             ... on level 4 of the Dungeon.
             The game lasted 00:07:48 (4113 turns).

Ayihk420 the Cudgeller (Gargoyle Berserker)         Turns: 4113, Time: 00:07:49

Health: -4/42      AC: 10    Str: 21    XL:     4   Next: 90%
Magic:  0/4        EV: 10    Int:  7    God:    Trog [**....]
Gold:   113        SH:  0    Dex: 11    Spells: 3/3 levels left

rFire   . . .      SeeInvis .   a - +0 mace
rCold   . . .      Faith    .   (no shield)
rNeg    + . .      Spirit   +   m - +0 scale mail
rPois   ∞          Reflect  .   (no helmet)
rElec   +          Harm     .   (no cloak)
rCorr   .          Rampage  .   (no gloves)
Will    .....                   (no boots)
Stlth   ..........              e - amulet of guardian spirit
HPRegen 0.14/turn               (no ring)
MPRegen 0.09/turn               (no ring)

@: berserking, very quick
A: sickness immunity, AC +3, negative energy resistance 1, electricity
resistance, torment resistance 1, petrification resistance
a: Renounce Religion, Berserk, Trog's Hand


You were on level 4 of the Dungeon.
You worshipped Trog.
Trog was pleased with you.
You visited 1 branch of the dungeon, and saw 4 of its levels.

You collected 113 gold pieces.

Inventory:

Hand Weapons
 a - a +0 mace (weapon)
 s - a +2 dagger of pain
Missiles
 d - 2 atropa-tipped darts (quivered)
Armour
 m - a +0 scale mail (worn)
Jewellery
 e - an amulet of guardian spirit (around neck)
 p - a ring of fire
Scrolls
 c - 2 scrolls of enchant weapon {unknown}
 f - a scroll of poison {unknown}
 g - 2 scrolls of identify {unknown}
 h - 2 scrolls of amnesia {unknown}
 j - 3 scrolls of teleportation {unknown}
 k - a scroll of immolation {unknown}
 l - a scroll of enchant armour {unknown}
Potions
 b - a potion of magic {unknown}
 i - a potion of curing {unknown}
 n - 2 potions of mutation {unknown}
 o - a potion of haste {unknown}
 q - a potion of attraction {unknown}
 r - a potion of brilliance {unknown}


   Skills:
 - Level 3.2 Fighting
 * Level 5.4 Maces & Flails
 - Level 2.1 Armour
 - Level 1.5 Dodging


You had 3 spell levels left.
You didn't know any spells.
Your spell library was empty.

Dungeon Overview and Level Annotations

Branches:
Dungeon (4/15)
 Temple: D:4-7

Altars:
Trog
Xom

Shops:
D:1 (


Innate Abilities, Weirdness & Mutations

You are immune to sickness and miasma.
Your stone body is resilient. (AC +3)
You are immune to poison.
You resist negative energy. (rN+)
You are resistant to electric shocks. (rElec)
You are resistant to unholy torment.
You are immune to petrification.


Message History

You hit the white imp but do no damage. The white imp gestures at you.
The puff of frost hits you.
You hit the white imp.
The white imp is lightly wounded.
The white imp hits you but does no damage.
You hit the white imp.
The white imp is moderately wounded.
The white imp gestures at you. The puff of frost hits you.
You hit the white imp.
The white imp is heavily wounded.
The white imp hits you but does no damage.
You hit the white imp.
The white imp is severely wounded.
The white imp hits you. The white imp freezes you.
You hit the white imp but do no damage.
The white imp is severely wounded.
The white imp hits you.
* * * LOW HITPOINT WARNING * * *
The white imp freezes you.
* * * LOW HITPOINT WARNING * * *
You hit the white imp but do no damage.
The white imp is severely wounded.
The white imp gestures at you. The puff of frost hits you.
* * * LOW HITPOINT WARNING * * *
The white imp gestures at you. The puff of frost hits you.
* * * LOW HITPOINT WARNING * * *
A red film seems to cover your vision as you go berserk!
You feel yourself moving faster!
You feel mighty! The white imp barely misses you.
You closely miss the white imp.
The white imp is severely wounded.
You hit the white imp but do no damage.
The white imp is severely wounded.
The white imp gestures at you. The puff of frost hits you!
You die...

##.......# ...
#........#....
#.>......#.#..
###............
#.....#.#.#....
#..............
##..#.#.#.#....
#..........#.
##...#@#.#....
#.....5.......
#.........##..
#.....<...# .
###...........
#........##.
###....#....
##.####... ###
##.


You could see a white imp.

Vanquished Creatures
  An orc wizard (D:3)
  2 adders (D:3)
  A worm (D:3)
  8 orcs (D:3)
  4 endoplasms
  4 giant cockroaches
  4 goblins
  3 hobgoblins
  3 quokkas
  2 ball pythons
  7 bats
  8 kobolds
  9 rats
56 creatures vanquished.

Vanquished Creatures (others)
  A plant (D:1)
1 creature vanquished.

Grand Total: 57 creatures vanquished

Notes
Turn   | Place    | Note
-------+----------+-------------------------------------------
     0 | D:1      | Ayihk420 the Gargoyle Berserker began the quest for the
                  | Orb.
     0 | D:1      | Reached XP level 1. HP: 14/14 MP: 1/1
     6 | D:1      | Found Xiaqurch's Antique Weapon Emporium.
   541 | D:1      | Reached XP level 2. HP: 17/19 MP: 2/2
  1590 | D:2      | Reached skill level 4 in Maces & Flails
  1737 | D:2      | Reached XP level 3. HP: 23/23 MP: 3/3
  1913 | D:2      | Reached ** piety under Trog
  2671 | D:3      | Found a shimmering altar of Xom.
  3054 | D:3      | Reached XP level 4. HP: 18/28 MP: 4/4
  3114 | D:3      | Reached skill level 5 in Maces & Flails
  3245 | D:3      | Found a faded altar of an unknown god.
  3340 | D:3      | Noticed a moth of wrath
  3343 | D:3      | Found a bloodstained altar of Trog.
  4113 | D:4      | Killed from afar by a white imp

Illustrated notes

Levels and vault maps discovered:
D:1:      wander_arrival_fairy_ring, layout_basic, serial_shops, shop
D:2:      layout_loops_ring
D:3:      layout_loops_ring, mainiacjoe_overflow_24_doors, tgw_trog,
          shapermc_ecumenical_altar_petra, grunt_ministairs_15, minivault_25,
          minmay_misc_feat_doors
D:4:      layout_cave_pools, enter_ossuary_3, serial_glass, glass_columns_a,
          glass_columns_b, glass_columns_a, glass_columns_c, glass_columns_c,
          glass_columns_a, glass_columns_b, glass_columns_c,
          minmay_gold_behind_fungi, hangedman_minor_gate_pass, uniq_ijyb

Skill      XL: |  1  2  3  4 |
---------------+-------------+-----
Maces & Flails | 4 5 |  5.4
Fighting       | |  3.2
Armour         | |  2.1
Dodging        | |  1.5

Action                   |  1- 3 |  4- 6 || total
-------------------------+-------+-------++-------
Melee: Mace              |   125 |    83 ||   208
       Punch             |       |     1 ||     1
Invok: Berserk           |       |     2 ||     2
Armor: Ring mail         |    10 |       ||    10
       Leather armour    |     1 |       ||     1
       Scale mail        |    50 |    52 ||   102
Dodge: Dodged            |    65 |    31 ||    96

Table legend: (Time is in decaauts)
 A = Elapsed time spent in this place.
 B = Non-inter-level travel time spent in this place.
 C = Inter-level travel time spent in this place.
 D = Time resting spent in this place.
 E = Time spent auto-exploring this place.
 F = Levels seen in this place.
 G = Mean time per level.
                   A        B        C        D        E       F      G
               +--------+--------+--------+--------+--------+-----+--------+
         Total |   4163 |   3997 |    166 |    691 |   2508 |   4 | 1040.8 |
       Dungeon |   4163 |   3997 |    166 |    691 |   2508 |   4 | 1040.8 |
               +--------+--------+--------+--------+--------+-----+--------+

Top non-repeatable levels by time:
     D:3: 1689 daAuts
     D:1: 1307 daAuts
     D:2: 1145 daAuts
     D:4: 20 daAuts
